 Dungeon Crawl Stone Soup version 0.29.0-7-g18a832c13a (webtiles) character file.

Game seed: 2532522780536364914

58 LabCoat the Chopper (level 4, -1/40 HPs)
             Began as a Hill Orc Fighter on Sept 1, 2022.
             Slain by Ijyb
             ... wielding a +0 dagger
              (3 damage)
             ... on level 3 of the Dungeon.
             The game lasted 00:04:33 (2193 turns).

LabCoat the Chopper (Hill Orc Fighter)              Turns: 2193, Time: 00:04:35

Health: -1/40      AC:  7    Str: 19 (20) XL:     4   Next: 1%
Magic:  4/4        EV:  9    Int:  5 (8)  God:
Gold:   184        SH:  4    Dex:  8 (10) Spells: 3/3 levels left

rFire   . . .      SeeInvis .   a - +0 war axe
rCold   . . .      Faith    .   c - +0 buckler
rNeg    . . .      Spirit   .   b - +0 scale mail
rPois   .          Reflect  .   (no helmet)
rElec   .          Harm     .   (no cloak)
rCorr   .          Rampage  .   (no gloves)
Will    .....                   (no boots)
Stlth   ..........              (no amulet)
HPRegen 0.13/turn               (no ring)
MPRegen 0.09/turn               (no ring)

@: no status effects
A: no striking features
a: no special abilities


You were on level 3 of the Dungeon.
You visited 1 branch of the dungeon, and saw 3 of its levels.

You collected 184 gold pieces.

Inventory:

Hand Weapons
 a - a +0 war axe (weapon)
 j - a +0 mace
 k - a +1 whip of freezing
Armour
 b - a +0 scale mail (worn)
 c - a +0 buckler (worn)
Jewellery
 i - a +6 ring of intelligence
Scrolls
 e - a scroll of teleportation
Potions
 d - 2 potions of might
 g - a potion of attraction {unknown}
 h - 2 potions of invisibility


   Skills:
 + Level 3.9 Fighting
 * Level 4.4 Axes
 + Level 3.7 Armour
 + Level 0.1 Dodging
 + Level 3.5 Shields


You had 3 spell levels left.
You didn't know any spells.
Your spell library contained the following spells:

 Spells                   Type           Power      Damage    Failure   Level
 Conjure Flame            Conj/Fire      0%         6-21      99%         3
 Ignite Poison            Fire/Tmut/Pois 0%         N/A       99%         3
 Sticky Flame             Conj/Fire      0%         2d3       100%        4
 Chain Lightning          Conj/Air       0%         N/A       100%        9
 Fire Storm               Conj/Fire      0%         5d1       100%        9
 Shatter                  Erth           0%         3d5*      100%        9


Dungeon Overview and Level Annotations

Branches:
Dungeon (3/15)

Altars:
The Shining One

Shops:
D:2 [

Annotations:
D:3 Ijyb


Message History

The goblin hits you but does no damage.
You closely miss the goblin.
The goblin is heavily wounded.
You hit Ijyb.
Ijyb zaps a wand.
Your mind is blasted!
You block the goblin's attack. The goblin barely misses you.
Ijyb hits you with a +0 dagger.
You hit the goblin but do no damage.
The goblin is heavily wounded.
You barely miss Ijyb. Ijyb hits you but does no damage.
The goblin closely misses you.
You barely miss the goblin.
The goblin is heavily wounded.
You closely miss Ijyb. The goblin hits you but does no damage.
Ijyb barely misses you.
You hit the goblin.
You kill the goblin!
You hit Ijyb.
Ijyb zaps a wand.
Your mind is blasted!
Ouch! That really hurt!
* * * LOW HITPOINT WARNING * * *
Ijyb hits you but does no damage.
You have reached level 4!
It was a potion of degeneration.
There was something very wrong with that liquid.
You feel weakened.
You feel dopey.
You feel clumsy. Ijyb barely misses you.
You are too injured to fight recklessly!
You are too injured to fight recklessly!
You are too injured to fight recklessly!
You are too injured to fight recklessly!
You are too injured to fight recklessly!
You closely miss Ijyb.
Ijyb is moderately wounded.
Ijyb zaps a wand.
You barely resist. You hit Ijyb but do no damage.
Ijyb is moderately wounded.
Ijyb grins evilly.
Ijyb zaps a wand.
Your mind is blasted!
* * * LOW HITPOINT WARNING * * *
Ijyb hits you with a +0 dagger.
You die...

......############..
......'.............
..(...######...#####
......#
#...#########
......#
####.........
).....# #.........
#...### #....!....
#...# #.........
#...## #)@.......
.....# #.g.......
.....# #.........
.....# #.........
.....# #.........
.....# ..........
.....# ..........
.....# ...########
.....#


You could see Ijyb.

Vanquished Creatures
  An adder (D:2)
  3 dart slugs
  4 endoplasms
  2 giant cockroaches
  5 goblins
  6 hobgoblins
  2 quokkas
  3 ball pythons (D:2)
  5 bats
  3 frilled lizards
  3 kobolds
  4 rats (D:2)
41 creatures vanquished.

Notes
Turn   | Place    | Note
-------+----------+-------------------------------------------
     0 | D:1      | LabCoat the Hill Orc Fighter began the quest for the Orb.
     0 | D:1      | Reached XP level 1. HP: 19/19 MP: 1/1
   116 | D:1      | Reached skill level 3 in Axes
   489 | D:1      | Reached XP level 2. HP: 22/26 MP: 2/2
   547 | D:1      | Found a faded altar of an unknown god.
  1108 | D:2      | Reached XP level 3. HP: 11/33 MP: 3/3
  1339 | D:2      | Found Umpittu's Antique Armour Shoppe.
  1489 | D:2      | Found a glowing golden altar of the Shining One.
  1656 | D:2      | Reached skill level 4 in Axes
  2183 | D:3      | Noticed Ijyb
  2191 | D:3      | Reached XP level 4. HP: 11/40 MP: 4/4
  2193 | D:3      | HP: 2/40 [disintegration (9)]
  2193 | D:3      | Slain by Ijyb

Illustrated notes

Levels and vault maps discovered:
D:1:      minmay_arrival_stair_chambers, layout_loops_corners,
          dreamdust_ecumenical_altar_angels_and_demons, serial_bayou_crossing
D:2:      layout_loops_ring, serial_shops, shop, basic_altar, minivault_24,
          st_stairs_2, minivault_26
D:3:      layout_basic, cheibrodos_sewer_entry_bend, uniq_ijyb

Skill      XL: |  1  2  3 |
---------------+----------+-----
Axes           | 3 4 |  4.4
Fighting       | |  3.9
Armour         | |  3.7
Dodging        | |  0.1
Shields        | |  3.5

Action                   |  1- 3 |  4- 6 || total
-------------------------+-------+-------++-------
Melee: War axe           |   126 |     2 ||   128
  Use: Scroll            |     7 |       ||     7
       Potion            |       |     1 ||     1
Armor: Scale mail        |    75 |       ||    75
Dodge: Dodged            |    56 |     1 ||    57
Block: Buckler           |    30 |       ||    30
